[Event "Late-Titled-Tuesday-Blitz-September-26-2023"]
[Site "Chess.com"]
[Date "2023.09.26"]
[Round "3"]
[White "Inepton_Fermion"]
[Black "fyall777"]
[Result "0-1"]
[WhiteElo "2358"]
[BlackElo "2566"]
[TimeControl "180+1"]
[EndTime "14:27:16 PDT"]
[Termination "fyall777 won on time"]

1. Nf3 Nf6 2. b3 g6 3. Bb2 Bg7 4. g3 O-O 5. Bg2 b6 6. c4 Bb7 7.
O-O e6 8. d4 d5 9. Nc3 dxc4 10.
bxc4 Nbd7 11. Re1 c5 12. e3 Rc8 13. Qd3 cxd4 14. exd4 Qc7 15. Nd2 Bxg2 16. Kxg2 Rfd8 17.
Nb5 Qb8 18. Ba3 a6 19. Nd6 Rc6 20. N6e4 Nxe4 21. Qxe4 Qa8 22. d5 Nf6 23. Qf3 exd5 24. Be7 Re8 25. cxd5 Nxd5 26. Qxd5 Bxa1 27. Nf3 Re6 28.
Rxe6 Qxd5 29. Re3 f5 30. Bg5 Rxe3 31. Bxe3 Qe4 32. h4 h6 33. Bxh6 Bd4 34. Bf4 b5 0-1

[Event "Late-Titled-Tuesday-Blitz-September-26-2023"]
[Site "Chess.com"]
[Date "2023.09.26"]
[Round "3"]
[White "Dhaydon19"]
[Black "VincentKeymer"]
[Result "0-1"]
[WhiteElo "2743"]
[BlackElo "3045"]
[TimeControl "180+1"]
[EndTime "14:27:17 PDT"]
[Termination "VincentKeymer won by resignation"]

1. d4 Nf6 2. Nc3 d5 3. Bf4 c5 4. e3 cxd4 5. exd4 Bg4 6. Be2 Bxe2 7. Ngxe2 Nc6 8. O-O e6 9. Qd3 Rc8 10. a3 Bd6 11. Bxd6 Qxd6 12. Nd1 O-O 13. Ne3 Na5 14. c3 a6 15. Rac1 b5 16. Rc2 Nc4 17. Ng3 h6 18. Re1 Rc7 19. Ngf1 Rfc8 20. Nd2 a5 21. Nf3 Nd7 22.
Ng4 b4 23. cxb4 axb4 24. a4 Qf8 25. Ree2 Rc6 26. h4 R8c7 27. b3 Na3 28. Rxc6 Rxc6 29.
Re3 Nc2 30. Re2 Rc3 31. Qb5 Qc8 32. h5 Qc7 33. Nge5 Nxe5 34. Qe8+ Kh7 35. Nxe5 Nxd4 36.
Re1 Rc1 37. Nd3 Rxe1+ 38. Nxe1 Qc1 39. Qxf7 Qxe1+ 40. Kh2 Qe5+ 41. Kg1 Qf6 42. Qa7 Nxb3 43. a5 Qa1+ 44. Kh2 Nxa5 45. Qf7 Qf6 46. Qc7 Nc4 47.
Qxc4 dxc4 0-1

[Event "Late-Titled-Tuesday-Blitz-September-26-2023"]
[Site "Chess.com"]
[Date "2023.09.26"]
[Round "3"]
[White "Fandorine"]
[Black "dedpihto_v_kozhanom_palto"]
[Result "1-0"]
[WhiteElo "2946"]
[BlackElo "2684"]
[TimeControl "180+1"]
[EndTime "14:27:17 PDT"]
[Termination "Fandorine won on time"]

1. g3 g6 2. Bg2 Bg7 3. e4 c5 4. Ne2 Nc6 5. Nbc3 d6 6. d3 e6 7.
O-O Nge7 8. f4 O-O 9. h3 Rb8 10. a4 a6 11. g4 f5 12. Ng3 Nd4 13. g5 b5 14. axb5 axb5 15. h4 b4 16. Nce2 Nxe2+ 17. Qxe2 Nc6 18. Kh2 Nd4 19. Qd1 Bb7 20. h5 e5 21. Ra7 exf4 22. Bxf4 Be5 23. hxg6 hxg6 24. exf5 Bxg2 25. Kxg2 Nxf5 26. Bxe5 Ne3+ 27. Kh3 Nxd1 28. Rg7+ Kh8 29. Bf6 Rxf6 30. gxf6 Qc8+ 31. Kh2 Qg4 32. Rh1 1-0

[Event "Late-Titled-Tuesday-Blitz-September-26-2023"]
[Site "Chess.com"]
[Date "2023.09.26"]
[Round "3"]
[White "NovikovaGalina"]
[Black "PotapovaM"]
[Result "0-1"]
[WhiteElo "2428"]
[BlackElo "2610"]
[TimeControl "180+1"]
[EndTime "14:27:17 PDT"]
[Termination "PotapovaM won by checkmate"]

1. e4 e6 2. Nf3 d5 3. e5 c5 4. b4 Nc6 5. bxc5 Bxc5 6. d4 Be7 7. c3 Nh6 8. Bd3 Nf5 9. O-O O-O 10. a4 b6 11. Na3 Na5 12. Qc2 g6 13. Nb5 a6 14.
Bxf5 axb5 15. Bd3 bxa4 16. Rxa4 Bd7 17. Ra1 Nc4 18. Rxa8 Qxa8 19. Bh6 Rc8 20. h4 Qa3 21. h5 Qb2 22. hxg6 hxg6 23. Bxg6 Qxc2 24. Bxc2 Na3 25.
Bd3 Rxc3 26. Rd1 Ba4 27. Rd2 Nc4 28. Bxc4 dxc4 29. d5 exd5 30. Rxd5 Bc6 31. Rd4 Bxf3 32. gxf3 b5 33. Kg2 b4 34. Bd2 Rc2 35. Rd7 b3 36.
Be3 b2 37. Rb7 c3 38. f4 Rc1 39. f5 b1=Q 40. Rd7 Qe4+ 41. Kg3 Rg1+ 42. Kh2 Qg2# 0-1

[Event "Late-Titled-Tuesday-Blitz-September-26-2023"]
[Site "Chess.com"]
[Date "2023.09.26"]
[Round "3"]
[White "Beca95"]
[Black "Alexei_Gubajdullin"]
[Result "0-1"]
[WhiteElo "2923"]
[BlackElo "2693"]
[TimeControl "180+1"]
[EndTime "14:27:20 PDT"]
[Termination "Alexei_Gubajdullin won by checkmate"]

1. e4 g6 2. d4 d6 3. c4 Bg7 4.
Nc3 Nf6 5. Nf3 O-O 6. Bd3 Na6 7. h3 c5 8. d5 e6 9. O-O exd5 10. cxd5 Nb4 11. Bb1 c4 12. a3 Na6 13. Nd2 Nc5 14.
Nxc4 Re8 15. Re1 b5 16. Nd2 a6 17. Ra2 Nh5 18. Nf3 Bd7 19. Nd4 Qf6 20. Be3 Nf4 21. Bxf4 Qxf4 22. b4 Nb7 23. Nce2 Qf6 24. f4 a5 25. Rd2 axb4 26. axb4 Ra4 27. Qb3 Rea8 28. Rc1 Ra3 29. Qd1 Nd8 30. Rc7 Bxh3 31. gxh3 Rxh3 32.
Qf1 Qh4 33. Qxh3 Qxh3 34. Rc3 Qh4 35. Kg2 Ra1 36. Rh3 Qe1 37. Rc2 Rxb1 38. Rc8 Bxd4 39.
Rxd8+ Kg7 40. Nxd4 Rb2+ 41. Kf3 Rf2+ 42. Kg4 Rg2+ 43.
Kf3 Qf2# 0-1

[Event "Late-Titled-Tuesday-Blitz-September-26-2023"]
[Site "Chess.com"]
[Date "2023.09.26"]
[Round "3"]
[White "midedu"]
[Black "Vadim_Biliy"]
[Result "1-0"]
[WhiteElo "2018"]
[BlackElo "2310"]
[TimeControl "180+1"]
[EndTime "14:27:20 PDT"]
[Termination "midedu won on time"]

1. e4 d6 2. d4 Nf6 3. Nc3 g6 4. g3 Bg7 5. Bg2 O-O 6. Nge2 Nc6 7.
O-O e5 8. Bg5 exd4 9. Nxd4 h6 10.
Nxc6 bxc6 11. Be3 Rb8 12. Rb1 c5 13. h3 Be6 14. f4 Qd7 15. Kh2 Rb4 16. Qd2 Kh7 17.
Bg1 Rfb8 18. b3 Ng8 19. Nd5 Bxd5 20. Qxd5 Nf6 21. Qd3 c4 22. Qe2 c5 23. Rbd1 cxb3 24. axb3 Qe7 25. Rfe1 Ne8 26. Qd3 a5 27. h4 c4 28. bxc4 a4 29. h5 Bb2 30. hxg6+ fxg6 31. c3 Rb3 32. Bd4 a3 33. e5 a2 34. exd6 Qxd6 35. c5 Qf8 36. Be4 Qg8 37. f5 1-0

[Event "Late-Titled-Tuesday-Blitz-September-26-2023"]
[Site "Chess.com"]
[Date "2023.09.26"]
[Round "3"]
[White "MaxLeto"]
[Black "ferrufino64"]
[Result "1-0"]
[WhiteElo "2517"]
[BlackElo "2195"]
[TimeControl "180+1"]
[EndTime "14:27:21 PDT"]
[Termination "MaxLeto won on time"]

1. g4 d5 2. Bg2 e5 3. d4 e4 4.
g5 Bd6 5. c4 c6 6. Nc3 Be6 7. Qb3 b6 8. cxd5 cxd5 9. Bd2 Ne7 10.
Nb5 O-O 11. Nxd6 Qxd6 12. Bb4 Qd7 13. e3 Nbc6 14. h4 Rfc8 15. Ne2 Nf5 16. h5 g6 17. Bc3 Qe7 18. Nf4 Qxg5 19. hxg6 hxg6 20. Bh3 Na5 21. Qa4 Nc4 22. O-O-O Nfxe3 23. fxe3 Nxe3 24. Nxe6 fxe6 25.
Rdg1 Ng2+ 26. Kb1 Rxc3 27. bxc3 Qe3 28. Rxg2 Qd3+ 29. Qc2 Qc4 30. Rxg6+ 1-0

[Event "Late-Titled-Tuesday-Blitz-September-26-2023"]
[Site "Chess.com"]
[Date "2023.09.26"]
[Round "3"]
[White "Rodalquilar"]
[Black "Misticpikachu"]
[Result "1-0"]
[WhiteElo "2752"]
[BlackElo "2560"]
[TimeControl "180+1"]
[EndTime "14:27:23 PDT"]
[Termination "Rodalquilar won by checkmate"]

1. d4 d5 2. Nf3 e6 3. Bf4 Nf6 4. e3 Bd6 5. Nbd2 O-O 6. Bd3 b6 7. h4 Bb7 8. h5 Ne4 9. h6 g6 10.
Bxd6 Qxd6 11. Rh4 f5 12. Bxe4 dxe4 13. Ne5 Nd7 14. Ndc4 Qe7 15. g3 Nxe5 16. Nxe5 Qb4+ 17. Kf1 Qxb2 18. a3 Rad8 19. Qe1 c5 20. c3 cxd4 21.
cxd4 Rc8 22. Rb1 Qa2 23. Kg2 Rc2 24. Rh1 Rfc8 25. Rf1 Ba6 26. Rh1 Re2 27. Qg1 Rcc2 28. Rf1 Red2 29. Rc1 Rxf2+ 30. Kh3 Rxc1 31. Qxc1 Qc2 32.
Qe1 Re2 33. Qb4 Qc7 34. Qa4 Qc8 35. Rc1 Qe8 36. Qxe8# 1-0

[Event "Late-Titled-Tuesday-Blitz-September-26-2023"]
[Site "Chess.com"]
[Date "2023.09.26"]
[Round "3"]
[White "Pedrada88"]
[Black "PepeCuenca"]
[Result "1-0"]
[WhiteElo "2506"]
[BlackElo "2686"]
[TimeControl "180+1"]
[EndTime "14:27:23 PDT"]
[Termination "Pedrada88 won by checkmate"]

1. Nf3 Nf6 2. g3 b6 3. Bg2 Bb7 4. O-O g6 5. b3 Bg7 6. Bb2 O-O 7. c4 d6 8. Nc3 e5 9. d4 exd4 10. Nxd4 Bxg2 11. Kxg2 d5 12. cxd5 Nxd5 13. Rc1 c5 14.
Nf3 Nxc3 15. Bxc3 Bxc3 16. Rxc3 Nc6 17. Rd3 Qc8 18. Qd2 Rd8 19. Rd1 Rxd3 20. Qxd3 Nb4 21. Qe3 Qe8 22. Qh6 Qf8 23. Qh4 Nc6 24. Rd7 h6 25.
Qf6 Rc8 26. h4 Qg7 27. Qd6 Qf8 28. Qd5 Qe8 29. e4 Rd8 30. Rxd8 Nxd8 31. h5 g5 32. Ne5 Ne6 33. Ng4 Qf8 34. Qd7 Qg7 35. Qxa7 Qd4 36. Nxh6+ Kh7 37. Qxf7+ Kh8 38. Qg8# 1-0

[Event "Late-Titled-Tuesday-Blitz-September-26-2023"]
[Site "Chess.com"]
[Date "2023.09.26"]
[Round "3"]
[White "QuintilianoR"]
[Black "GMBenjaminBok"]
[Result "0-1"]
[WhiteElo "2663"]
[BlackElo "2963"]
[TimeControl "180+1"]
[EndTime "14:27:24 PDT"]
[Termination "GMBenjaminBok won on time"]

1. Nf3 d5 2. e3 Nf6 3. c4 c6 4.
Nc3 e6 5. d4 Nbd7 6. Be2 Bd6 7. O-O O-O 8. a4 a5 9. Qc2 b6 10. e4 Nxe4 11. Nxe4 dxe4 12. Qxe4 Bb7 13. Bf4 Nf6 14. Qe3 c5 15. Rad1 Bxf4 16. Qxf4 Qe7 17. Ne5 Rad8 18. Bf3 h6 19. h4 cxd4 20. Bxb7 Qxb7 21.
Rxd4 Rxd4 22. Qxd4 Qe4 23. Rd1 Qc2 24. Rd2 Qxa4 25.
Qxb6 Qa1+ 26. Kh2 Qc1 27. Qe3 a4 28. g3 Qb1 29. Kg2 Rb8 30. Nc6 Rxb2 31. Rd8+ Kh7 32.
Ne5 Qe4+ 33. Qxe4+ Nxe4 34. Kg1 a3 0-1

[Event "Late-Titled-Tuesday-Blitz-September-26-2023"]
[Site "Chess.com"]
[Date "2023.09.26"]
[Round "3"]
[White "Kostukov_Alex"]
[Black "GianmarcoVaR"]
[Result "1-0"]
[WhiteElo "2420"]
[BlackElo "2581"]
[TimeControl "180+1"]
[EndTime "14:27:24 PDT"]
[Termination "Kostukov_Alex won by checkmate"]

1. g3 a6 2. Bg2 Ra7 3. d4 b5 4. e4 Bb7 5. Ne2 g6 6. O-O h5 7. h3 h4 8. g4 e6 9. f4 d5 10. e5 c5 11. c3 Nc6 12. Be3 cxd4 13. Nxd4 Bc5 14. Kh1 Qb6 15. Na3 Nxd4 16. cxd4 Bxa3 17. bxa3 Ne7 18. Rc1 Bc6 19. Rc5 Bd7 20. Qc2 Kf8 21.
Rc1 Kg7 22. Qd2 a5 23. f5 exf5 24. Bg5 Ng8 25. gxf5 Bxf5 26. Rxd5 Rd7 27. Rxd7 Bxd7 28. d5 Rh5 29. Be3 Qd8 30. Bd4 Kh7 31. Bf3 Rf5 32. Bg4 Rg5 33. e6 f5 34. Bf3 Rg3 35. Bg2 Be8 36. Be5 Rxg2 37. Qxg2 Nf6 38. Rc7+ Kh6 39. Bf4+ g5 40. Qxg5# 1-0

[Event "Late-Titled-Tuesday-Blitz-September-26-2023"]
[Site "Chess.com"]
[Date "2023.09.26"]
[Round "3"]
[White "valemava"]
[Black "Nf3c5"]
[Result "0-1"]
[WhiteElo "2403"]
[BlackElo "2596"]
[TimeControl "180+1"]
[EndTime "14:27:24 PDT"]
[Termination "Nf3c5 won by checkmate"]

1. Nf3 d5 2. c4 c6 3. b3 Nf6 4. Bb2 Bf5 5. d3 e6 6. h3 h6 7.
g4 Bg6 8. Bg2 Nbd7 9. a3 a5 10.
Ne5 Nxe5 11. Bxe5 Bd6 12. Bxd6 Qxd6 13. Nc3 O-O 14. O-O Rab8 15. Qd2 b5 16. cxb5 cxb5 17. b4 axb4 18. axb4 Qxb4 19. Rfb1 Qc5 20. Ra5 Rfc8 21. Nxb5 Rb6 22. d4 Qc6 23. Rb4 Rcb8 24. Qb2 Ne4 25. Bxe4 Bxe4 26. f3 Bg6 27. Kf2 Qd7 28. h4 h5 29. gxh5 Bxh5 30. Qc3 Rxb5 31. Rba4 Rxa5 32.
Rxa5 Qd8 33. Kg3 Qf6 34. Qc7 Qg6+ 35. Kf2 Rb1 36. Ra8+ Kh7 37. Qh2 Bxf3 38. Kxf3 Rf1+ 39. Ke3 Qe4+ 40. Kd2 Qxd4+ 41. Kc2 Qc4+ 42. Kd2 Qc1+ 43.
Kd3 Rd1# 0-1

[Event "Late-Titled-Tuesday-Blitz-September-26-2023"]
[Site "Chess.com"]
[Date "2023.09.26"]
[Round "3"]
[White "jk13"]
[Black "Manukyan_Artak"]
[Result "1-0"]
[WhiteElo "2617"]
[BlackElo "2430"]
[TimeControl "180+1"]
[EndTime "14:27:25 PDT"]
[Termination "jk13 won by resignation"]

1. e4 c6 2. Nc3 d5 3. Nf3 dxe4 4. Nxe4 Nf6 5. Qe2 Nxe4 6. Qxe4 Qd5 7. Qf4 Qf5 8. Qa4 e5 9. Bd3 Qe6 10. O-O Bd6 11.
Re1 O-O 12. Bxh7+ Kh8 13. Qh4 Qg4 14. Qxg4 Bxg4 15. Bd3 Bxf3 16. gxf3 Nd7 17. Bc4 b5 18. Bf1 g6 19. d3 Kg7 20. a4 b4 21. a5 Nc5 22. Be3 Ne6 23. Bg2 Nf4 24. Bf1 c5 25. c3 bxc3 26. bxc3 Ne6 27. a6 Rh8 28. Reb1 Rac8 29. Rb7 Rc7 30. Rab1 Rhc8 31. Be2 Nd8 32. R7b5 Rc6 33. Ra1 Rb8 34. Rxb8 Bxb8 35. d4 cxd4 36.
cxd4 f6 37. d5 Rc2 38. Bf1 Nf7 39. Rb1 Bd6 40. Bxa7 Ra2 41. Rb7 Kf8 42. Be3 Ng5 43. Bxg5 fxg5 44. a7 e4 45. fxe4 g4 46. Rb8+ 1-0

[Event "Late-Titled-Tuesday-Blitz-September-26-2023"]
[Site "Chess.com"]
[Date "2023.09.26"]
[Round "3"]
[White "moro182"]
[Black "MKlose11"]
[Result "1-0"]
[WhiteElo "2875"]
[BlackElo "2617"]
[TimeControl "180+1"]
[EndTime "14:27:26 PDT"]
[Termination "moro182 won by resignation"]

1. d4 Nf6 2. Nf3 c5 3. d5 b5 4. e4 Nxe4 5. Bd3 Qa5+ 6. c3 Nf6 7. O-O e6 8. a4 Nxd5 9. Bxb5 Be7 10. Na3 O-O 11. Re1 Ba6 12. Bg5 Bxg5 13. Nxg5 h6 14.
Ne4 Bxb5 15. axb5 f5 16. Nxc5 Qc7 17. Nd3 a6 18. Qf3 axb5 19. Nxb5 Qc6 20. Rxa8 Qxa8 21. c4 Nb6 22. Qxa8 Nxa8 23. Ne5 Nb6 24. Rd1 Rc8 25. b3 d5 26. Nd6 Rd8 27. c5 N6d7 28. Nxd7 Nxd7 29.
b4 Rb8 30. c6 Nb6 31. c7 Ra8 32.
Rc1 Kh7 33. g4 Ra4 34. gxf5 exf5 35. Rc6 Rxb4 36. Rxb6 Rxb6 37. c8=Q Rxd6 38. Qxf5+ Kg8 39. Qe5 Rd8 40. Qe7 Rf8 41. Qe6+ Kh8 42. Qxd5 Rf6 43. Kg2 Kh7 44. Kg3 Kh8 45. h4 Kh7 46. h5 Kh8 47.
Qe4 Kg8 48. f4 Kh8 49. Kf3 Kg8 50. Ke3 Kf7 51. Kd4 Kf8 52. Qa8+ Kf7 53. Qd5+ Kf8 54.
Ke5 Ke7 55. Qg8 Rf7 56. f5 1-0

[Event "Late-Titled-Tuesday-Blitz-September-26-2023"]
[Site "Chess.com"]
[Date "2023.09.26"]
[Round "3"]
[White "BigAl"]
[Black "Sulthankan"]
[Result "0-1"]
[WhiteElo "2544"]
[BlackElo "2340"]
[TimeControl "180+1"]
[EndTime "14:27:26 PDT"]
[Termination "Sulthankan won by resignation"]

1. Nf3 Nf6 2. g3 g6 3. Bg2 Bg7 4. O-O O-O 5. d3 d5 6. Nbd2 Nc6 7. e4 e5 8. c3 h6 9. Re1 Re8 10. a4 a5 11. Qb3 Be6 12. exd5 Nxd5 13. Nc4 Nb6 14.
Qb5 e4 15. Nfd2 exd3 16. Nxb6 cxb6 17. Rd1 Bg4 18. Nf3 Ne5 19. Nxe5 Bxd1 20. Bf4 Bxa4 21.
Rxa4 d2 22. Bxd2 Qxd2 23. Nf3 Qd1+ 24. Qf1 Qxa4 25. h4 Rad8 26. Kh2 Qd7 27. h5 g5 28. Qc4 b5 29. Qa2 a4 30. Ng1 Qe6 31. Qa3 Bf8 32.
Qa1 Rd2 33. Qf1 Qe1 34. Qxb5 Qxf2 35. Qxb7 Qxg2+ 36. Qxg2 Rxg2+ 37. Kxg2 Rb8 0-1

[Event "Late-Titled-Tuesday-Blitz-September-26-2023"]
[Site "Chess.com"]
[Date "2023.09.26"]
[Round "3"]
[White "German_Bazeev"]
[Black "rdarruda"]
[Result "1-0"]
[WhiteElo "2759"]
[BlackElo "2483"]
[TimeControl "180+1"]
[EndTime "14:27:27 PDT"]
[Termination "German_Bazeev won by resignation"]

1. d4 Nf6 2. c4 e5 3. Nf3 exd4 4. Nxd4 Nc6 5. Nxc6 bxc6 6. g3 d5 7. Bg2 Bb4+ 8. Bd2 Qe7 9. O-O O-O 10. cxd5 cxd5 11.
Bxb4 Qxb4 12. Qd2 Qxd2 13. Nxd2 Ba6 14. Rfe1 Rfe8 15. e3 c6 16. Rac1 Rac8 17. Rc5 Bb7 18. Rec1 Nd7 19. Ra5 Ra8 20. Nb3 Ne5 21. Nc5 Bc8 22. Ra4 Kf8 23. b3 Bf5 24. Rd4 a5 25. f3 Red8 26. Kf2 Nd7 27. Nb7 Rdb8 28. Nd6 Bg6 29.
Rxc6 a4 30. b4 Ne5 31. Rc3 Rb6 32. Rxd5 f6 33. f4 Ng4+ 34. Ke2 Rd8 35. h3 Nxe3 36. Kxe3 Rdxd6 37. Rxd6 Rxd6 38. Bc6 Be8 39. Bxe8 Kxe8 40. Rd3 Rc6 41. a3 Rc1 42. Ke4 Rb1 43. g4 Ke7 44. h4 g6 45. g5 f5+ 46. Ke5 Rb3 47. Kd4 Rb1 48. Kc5 Rf1 49. b5 Rxf4 50. b6 Rf1 51. b7 Rb1 52. Kc6 f4 53. Kc7 Rc1+ 54. Kb8 Ke6 55. Ka7 Rb1 56. Rd4 Rxb7+ 57. Kxb7 Ke5 58. Rxa4 f3 59. Ra6 1-0

[Event "Late-Titled-Tuesday-Blitz-September-26-2023"]
[Site "Chess.com"]
[Date "2023.09.26"]
[Round "3"]
[White "amanmuhammethommadov"]
[Black "EsmeraldasAnderson03"]
[Result "0-1"]
[WhiteElo "2590"]
[BlackElo "2428"]
[TimeControl "180+1"]
[EndTime "14:27:27 PDT"]
[Termination "EsmeraldasAnderson03 won by resignation"]

1. e4 c5 2. Nf3 d6 3. d4 cxd4 4. Nxd4 Nf6 5. Nc3 a6 6. Bg5 e6 7. f4 Nbd7 8. Qf3 Qc7 9. O-O-O b5 10. Bd3 Bb7 11. Rhe1 Be7 12. Qg3 O-O 13. e5 dxe5 14.
fxe5 Nh5 15. Qh4 Bxg5+ 16. Qxg5 g6 17. g4 Ng7 18. Ne4 Bxe4 19. Rxe4 Nc5 20. Re3 Rfd8 21. Nf3 Rac8 22. c3 b4 23. Bc2 Rxd1+ 24. Kxd1 Qd7+ 25. Kc1 bxc3 26. Rxc3 Nd3+ 27. Bxd3 Rxc3+ 28. bxc3 Qxd3 29. Kb2 h6 30. Qf4 Qb5+ 31. Kc2 Ne8 32. Nd2 Nc7 33.
Qxh6 Qxe5 34. Qh3 Nd5 35. Qg3 Qe2 36. Qd3 Ne3+ 0-1

[Event "Late-Titled-Tuesday-Blitz-September-26-2023"]
[Site "Chess.com"]
[Date "2023.09.26"]
[Round "3"]
[White "koncheto"]
[Black "jamengrand"]
[Result "0-1"]
[WhiteElo "2519"]
[BlackElo "2266"]
[TimeControl "180+1"]
[EndTime "14:27:28 PDT"]
[Termination "jamengrand won on time"]

1. e4 e6 2. d4 d5 3. Nd2 c5 4. exd5 Qxd5 5. Ngf3 cxd4 6. Bc4 Qd6 7. O-O Nc6 8. Nb3 e5 9. Re1 Be7 10. Qe2 f6 11.
Bd2 Bg4 12. c3 dxc3 13. Bxc3 Nh6 14. Rad1 Qc7 15. Qe3 Nf5 16. Qe4 Nh6 17. Rd2 Rd8 18. Red1 Rxd2 19. Rxd2 Bf5 20. Qh4 Bg6 21. Be6 Bd6 22.
Qc4 Bf7 23. Nc5 Bxc5 24. Bxf7+ Nxf7 25. Qxc5 Qe7 26. Qe3 O-O 27. h4 Rd8 28. h5 Rxd2 29. Qxd2 Qd6 30. Qe3 Qd5 31. a3 Nd6 32. Nd2 Nf5 33.
Qh3 Qe6 34. Ne4 Nfd4 35. Qd3 Qb3 36. h6 f5 37. Nc5 Qd5 38. Nxb7 e4 39. Qe3 f4 40.
Qd2 f3 0-1

[Event "Late-Titled-Tuesday-Blitz-September-26-2023"]
[Site "Chess.com"]
[Date "2023.09.26"]
[Round "3"]
[White "esrosenberg"]
[Black "Danishcrown"]
[Result "1-0"]
[WhiteElo "2372"]
[BlackElo "2115"]
[TimeControl "180+1"]
[EndTime "14:27:28 PDT"]
[Termination "esrosenberg won on time"]

1. Nf3 d5 2. d4 Nf6 3. c3 c5 4.
dxc5 Nc6 5. b4 Bf5 6. e3 g6 7.
Be2 Bg7 8. O-O Ne4 9. Nd4 e5 10. Nxf5 gxf5 11. Bb2 Rg8 12. Nd2 Nxd2 13. Qxd2 Bh6 14.
Kh1 Qg5 15. Rg1 Rd8 16. Rad1 Qh4 17. Qe1 Rg6 18. Qf1 Bf8 19. g3 Qe4+ 20. Qg2 Qc2 21. Bd3 Qxb2 22. Bxf5 Rh6 23. Rxd5 Be7 24. Rxd8+ Bxd8 25. a4 Qxc3 26. b5 Ne7 27. g4 Qxc5 28. Qxb7 Qd5+ 29. Qxd5 Nxd5 30. Rd1 Nb6 31. a5 Nc4 32. b6 axb6 33. a6 b5 34. Ra1 Nb6 35. a7 Rd6 36. a8=Q Nxa8 37. Rxa8 Rb6 38. Bxh7 b4 39.
Bb1 b3 40. Kg2 Rd6 41. Rb8 Rd2 42. Rxb3 Bg5 43. Kf3 Bh4 44. Rb8+ Ke7 45. h3 1-0

[Event "Late-Titled-Tuesday-Blitz-September-26-2023"]
[Site "Chess.com"]
[Date "2023.09.26"]
[Round "3"]
[White "CheckThis4"]
[Black "hansen"]
[Result "0-1"]
[WhiteElo "2676"]
[BlackElo "2938"]
[TimeControl "180+1"]
[EndTime "14:27:29 PDT"]
[Termination "hansen won on time"]

1. e4 e5 2. Nf3 Nc6 3. Bc4 Bc5 4. c3 Nf6 5. d4 exd4 6. cxd4 Bb4+ 7. Nc3 Nxe4 8. O-O Bxc3 9. d5 Ne7 10. bxc3 d6 11. Re1 Nf6 12. Bg5 Kf8 13. Qd2 Neg8 14. Rab1 h6 15.
Bh4 g5 16. Bg3 Nh5 17. Nd4 b6 18. Bb5 Bd7 19. c4 a6 20. Bxd7 Qxd7 21. Rb3 Re8 22. Rf3 Ngf6 23. Nf5 Rxe1+ 24. Qxe1 Qe8 25. Re3 Qd7 26. Nd4 Ng4 27. Re4 Nxg3 28. hxg3 Ne5 29. f4 gxf4 30. gxf4 Ng6 31. Nc6 Qf5 32. Re8+ Kg7 33.
Qc3+ Qf6 34. Qxf6+ Kxf6 35. Re7 Nxe7 0-1

[Event "Late-Titled-Tuesday-Blitz-September-26-2023"]
[Site "Chess.com"]
[Date "2023.09.26"]
[Round "3"]
[White "IngOscarArdila"]
[Black "gordonzyxu"]
[Result "1-0"]
[WhiteElo "2382"]
[BlackElo "2146"]
[TimeControl "180+1"]
[EndTime "14:27:29 PDT"]
[Termination "IngOscarArdila won by checkmate"]

1. d4 Nf6 2. c4 g6 3. Nc3 d5 4. Nf3 Bg7 5. e3 O-O 6. Be2 c5 7. O-O cxd4 8. Nxd4 Nc6 9. Nxc6 bxc6 10. cxd5 cxd5 11.
Bd2 Rb8 12. Nb5 a6 13. Nd4 Rxb2 14. Bc3 Rb7 15. Bxa6 Rc7 16. Bxc8 Rxc3 17. Ba6 Qa5 18. Qe2 Ra8 19. Bb5 Ne4 20. a4 Nd6 21. Rac1 Rac8 22.
Nc6 Qb6 23. Nxe7+ Kf8 24. Nxc8 Nxc8 25. Rxc3 Bxc3 26. Qd3 d4 27. exd4 Bxd4 28. Qg3 Nd6 29. Rb1 Ne4 30. Qa3+ Bc5 31. Qb2 Bxf2+ 32. Kf1 Qe3 33.
Rd1 f6 34. Qb4+ Kg7 35. Qe7+ Kh6 36. Qf8+ Kg5 37. Rd5+ f5 38. Qe7+ Kh6 39. Qf8+ Kh5 40. Be2+ Kg5 41. h4+ Bxh4 42. Qe7+ Kf4 43. Qxh4# 1-0

[Event "Late-Titled-Tuesday-Blitz-September-26-2023"]
[Site "Chess.com"]
[Date "2023.09.26"]
[Round "3"]
[White "picturesquecheck"]
[Black "PassedPawnMustPushed"]
[Result "0-1"]
[WhiteElo "2357"]
[BlackElo "2137"]
[TimeControl "180+1"]
[EndTime "14:27:29 PDT"]
[Termination "PassedPawnMustPushed won by resignation"]

1. Nf3 Nf6 2. g3 g6 3. Bg2 Bg7 4. O-O O-O 5. c4 c6 6. Nc3 d5 7. cxd5 cxd5 8. d4 Nc6 9. Ne5 Bf5 10. Bf4 Ne4 11. Nxc6 bxc6 12. Nxe4 Bxe4 13. Bxe4 dxe4 14.
Be3 e5 15. dxe5 Bxe5 16. Qc2 Rb8 17. Qxc6 Rxb2 18. Qxe4 Re8 19. Rad1 Qb8 20. Qa4 Rxe2 21.
Bxa7 Qa8 22. Qc4 Bxg3 23. hxg3 Qxa7 24. a4 R2e4 25. Qd3 Qxa4 26. Ra1 Qc4 27. Qd7 R4e7 28. Qd6 Qe6 29. Qd4 Qe5 30. Qd3 h5 31. Qc4 Rc7 32.
Qh4 Qe4 33. Qf6 Rc6 34. Qg5 Qe5 35. Qh6 Rc2 36. Ra4 Qb5 37. Rf4 Rce2 38. Rf3 Re1 39.
Rxe1 Rxe1+ 40. Kh2 Qf1 0-1

[Event "Late-Titled-Tuesday-Blitz-September-26-2023"]
[Site "Chess.com"]
[Date "2023.09.26"]
[Round "3"]
[White "DvaHrasta"]
[Black "tarno17"]
[Result "1-0"]
[WhiteElo "2515"]
[BlackElo "2163"]
[TimeControl "180+1"]
[EndTime "14:27:30 PDT"]
[Termination "DvaHrasta won on time"]

1. c4 e5 2. g3 Nf6 3. Bg2 c6 4. Nf3 d6 5. Nc3 g6 6. e4 Bg7 7. d4 exd4 8. Qxd4 O-O 9. Qd3 Re8 10. O-O Bg4 11. Bf4 d5 12. cxd5 cxd5 13. exd5 Nbd7 14. Qb5 Nb6 15. Rfd1 Nh5 16. Bg5 Qd6 17. h3 Bxf3 18.
Bxf3 Nxg3 19. a4 Nf5 20. a5 Nd4 21. Qd3 Nxf3+ 22. Qxf3 Nc4 23. Ne4 Qe5 24. Re1 Nd2 25. Bxd2 Qc7 26. Bc3 Qd7 27. Qf6 Bxf6 28. Nxf6+ Kg7 29.
Nxd7+ Kh6 30. Nf6 Red8 31. Ng4+ Kh5 32. Re5+ f5 33. Bd2 Rd7 34. Ra4 Rf8 35. Kg2 g5 36. Ne3 f4 37. Ng4 f3+ 38. Kg3 h6 39. Re6 Rh8 40. Rd4 Rdh7 41. d6 Rc8 42. Bc3 Rd8 43.
Nf6+ Kg6 44. Nxh7+ Kxh7 45. Rc4 h5 46. Rc7+ Kg8 47. Rg6+ Kf8 48. Bg7+ 1-0

[Event "Late-Titled-Tuesday-Blitz-September-26-2023"]
[Site "Chess.com"]
[Date "2023.09.26"]
[Round "3"]
[White "greekplayer1"]
[Black "Sanan_Sjugirov"]
[Result "0-1"]
[WhiteElo "2702"]
[BlackElo "2981"]
[TimeControl "180+1"]
[EndTime "14:27:31 PDT"]
[Termination "Sanan_Sjugirov won by resignation"]

1. e4 c5 2. f3 Nc6 3. Ne2 e6 4. g3 d5 5. Bg2 Nf6 6. O-O Be7 7. d3 O-O 8. Nd2 b6 9. f4 Bb7 10. e5 Nd7 11. c4 Nb4 12. Nf3 dxc4 13. dxc4 Qc7 14. a3 Nc6 15. Nc3 Rad8 16. Qc2 Nd4 17.
Nxd4 cxd4 18. Nb5 Qb8 19. b4 a6 20. Nxd4 Nxe5 21. Bxb7 Qxb7 22. Bb2 Ng4 23. Qe2 Nf6 24. f5 e5 25. Qxe5 Rfe8 26. Qf4 Qc8 27. Rac1 a5 28.
bxa5 Bc5 29. Rfd1 Re4 30. Qf2 bxa5 31. Kh1 h5 32. Rd3 Ng4 33. Qd2 Ne5 34. Re3 Rxe3 35. Qxe3 Qb7+ 36. Kg1 Qxb2 0-1

[Event "Late-Titled-Tuesday-Blitz-September-26-2023"]
[Site "Chess.com"]
[Date "2023.09.26"]
[Round "3"]
[White "2k28Lakers"]
[Black "YouShallNotPass001"]
[Result "1-0"]
[WhiteElo "2561"]
[BlackElo "2343"]
[TimeControl "180+1"]
[EndTime "14:27:31 PDT"]
[Termination "2k28Lakers won by resignation"]

1. e4 e5 2. Nf3 Nc6 3. Bc4 Nf6 4. d3 Bc5 5. c3 d6 6. a4 a6 7. O-O Ba7 8. Re1 h6 9. Nbd2 g5 10. b4 g4 11. Nh4 Nh7 12. Nf5 Bxf5 13. exf5 Qg5 14.
b5 axb5 15. axb5 Ne7 16. b6 cxb6 17. Ne4 Qh4 18. g3 Qh3 19. Nxd6+ Kf8 20. Nxf7 b5 21. Be3 Ng5 22. Nxg5 hxg5 23. f6 Qxh2+ 24. Kf1 Qh1+ 25. Ke2 Qf3+ 26. Kd2 Bxe3+ 27. Rxe3 Qxf2+ 28. Re2 Rxa1 29.
Qxa1 Qc5 30. fxe7+ Kxe7 31. Bb3 Rc8 32. Qa5 Kf6 33.
Qb4 Qc7 34. Bd5 Rd8 35. Qe4 Qd6 36. Rf2+ Kg7 37. Bb3 Rd7 38. Qf5 b4 39. Qxg5+ Kh7 40. Qf5+ Kg7 41. Qg5+ Kh7 42. Rh2+ 1-0